 Dungeon Crawl Stone Soup version 0.30-b1-2-g02819fbbbe (webtiles) character file.

Game seed: 12102962089109112936

385 MisterFreud the Changer (level 6, -2/52 HPs)
             Began as a Draconian Transmuter on May 8, 2023.
             Was a Follower of Cheibriados.
             Slain by a gnoll sergeant
             ... wielding a +1 heavy spear
              (17 damage)
             ... on level 4 of the Dungeon.
             The game lasted 00:04:49 (2978 turns).

MisterFreud the Changer (Draconian Transmuter)      Turns: 2978, Time: 00:04:50

Health: -2/52      AC:  2    Str: 16    XL:     6   Next: 48%
Magic:  0/9        EV: 19    Int: 18    God:    Cheibriados [*.....]
Gold:   230        SH:  0    Dex: 19    Spells: 6/9 levels left

rFire   . .          .
                       - Unarmed
rCold   . . .        (shield currently unavailable)
rNeg    . . .        (body armour unavailable)
rPois   x            (helmet currently unavailable)
rElec   .            r - melded +0 cloak of Privacy {rN+ Regen+}
rCorr   +            (gloves currently unavailable)
SInv    .            (boots currently unavailable)
Will    .....        m - amulet "Vawocvoc" {Spirit rCorr Slay+6}
Stlth   ++           (no ring)
HPRegen 0.28/turn    (no ring)
MPRegen 0.11/turn

%: guardian spirit
@: spider-form (expiring), very slow
A: venomous fangs, AC +6, tiny, unfitting armour, (cold-blooded)
a: End Transformation, Renounce Religion, Bend Time


You were on level 4 of the Dungeon.
You worshipped Cheibriados.
Cheibriados was aware of your devotion.
You were a venomous arachnid creature.
You visited 1 branch of the dungeon, and saw 4 of its levels.

You collected 230 gold pieces.

Inventory:

Missiles
 c - 14 poisoned darts
 h - 4 silver boomerangs
Armour
 r - the +0 cloak of Privacy (melded) {rN+ Regen+}
   (You found it on level 3 of the Dungeon)

   rN:        It protects you from negative energy.
   Regen:     It increases your rate of health regeneration.
Jewellery
 e - an amulet of reflection
 l - a +6 ring of strength
 m - the amulet "Vawocvoc" (around neck) {Spirit rCorr Slay+6}
   (You acquired it on level 2 of the Dungeon)

   [amulet of guardian spirit]

   It causes incoming damage to be divided between your reserves of health and
   magic.
   Slay:      It affects your accuracy & damage with ranged weapons and melee
   (+6).
   rCorr:     It protects you from acid and corrosion.
Wands
 s - a wand of iceblast (11)
Scrolls
 n - a scroll of teleportation
Potions
 a - a potion of lignification
 b - a potion of berserk rage {unknown}
 d - 3 potions of invisibility
 f - a potion of might {unknown}
 g - a potion of mutation {unknown}
 j - a potion of attraction {unknown}
 k - a potion of heal wounds {unknown}
 u - a potion of flight {unknown}


   Skills:
 + Level 3.8 Fighting
 - Level 1.7 Dodging
 + Level 4.5 Unarmed Combat
 - Level 2.0 Spellcasting
 - Level 5.0 Transmutations


You had 6 spell levels left.
You knew the following spells:

 Your Spells              Type           Power      Damage    Failure   Level
a - Spider Form           Tmut/Pois      10%        N/A       38%         3

Your spell library contained the following spells:

 Spells                   Type           Power      Damage    Failure   Level
 Beastly Appendage        Tmut           38%        N/A       9%          1
 Wereblood                Tmut           19%        N/A       12%         2
 Ice Form                 Ice/Tmut       10%        N/A       75%         4


Dungeon Overview and Level Annotations

Branches:
Dungeon (4/15)
 Temple: D:4-7

Altars:
Cheibriados
Elyvilon
Vehumet


Innate Abilities, Weirdness & Mutations

You are a venomous arachnid creature.
You have venomous fangs.
You are tiny and dextrous.
Your spellcasting is less reliable in this form.
Your armour is entirely melded.
You are incapable of wielding weapons or throwing items.
((Your plain brown scales are hard. (AC +6)))
You cannot fit into any form of body armour.
((You are cold-blooded and may be slowed by cold attacks.))


Message History

Confirm with . or Enter, or press ? or * to list all spells.
You turn into a venomous arachnid creature.
The +0 cloak of Privacy {rN+ Regen+} melds into your body.
The gnoll hits you with a +0 club. The gnoll misses you.
Unknown command.
Unknown command.
You bite the gnoll!
The gnoll looks as sick as possible!
The gnoll is almost dead.
You kill the gnoll!
Cheibriados appreciates the change of pace.
The gnoll hits you with a +0 club.
You bite the gnoll!
The gnoll is poisoned.
The gnoll is severely wounded.
The gnoll hits you with a +0 club! The gnoll sergeant closely misses you.
You hit the gnoll but do no damage.
The gnoll looks as sick as possible!
The gnoll is severely wounded.
The gnoll sergeant hits you from afar with a +1 heavy spear!
You bite the gnoll!
You kill the gnoll!
Cheibriados appreciates the change of pace.
The endoplasm misses you.
You bite the endoplasm!
You kill the endoplasm!
Cheibriados appreciates the change of pace.
The gnoll sergeant hits you from afar with a +1 heavy spear.
You are too injured to fight recklessly!
You are too injured to fight recklessly!
The gnoll sergeant closely misses you.
You see here a +0 club.
You hit the gnoll sergeant.
The gnoll sergeant is lightly wounded.
You barely miss the gnoll sergeant.
The gnoll sergeant is lightly wounded.
Your transformation is almost over.
The gnoll sergeant hits you with a +1 heavy spear!
* * * LOW HITPOINT WARNING * * *
You barely miss the gnoll sergeant.
The gnoll sergeant is lightly wounded.
The gnoll sergeant hits you with a +1 heavy spear!!
You die...

#..... #.##.#
#.##.# #.##.#
#.##.#
###.##.######
#...))(.....#.
#.)# ^# .##
### .#


You could see a gnoll sergeant.

Vanquished Creatures
  3 orc priests (D:3)
  Ijyb (D:3)
  Natasha (thrice) (D:3)
  An iguana (D:4)
  Robin (D:3)
  5 gnolls (D:4)
  3 adders
  An ufetubus (D:4)
  A dart slug (D:2)
  2 worms (D:2)
  An orc (D:2)
  3 ball pythons
  8 endoplasms
  12 goblins
  12 hobgoblins
  3 jackals (D:1)
  4 quokkas
  4 bats
  4 frilled lizards
  4 kobolds
  6 rats
82 creatures vanquished.

Notes
Turn   | Place    | Note
-------+----------+-------------------------------------------
     0 | D:1      | MisterFreud the Draconian Transmuter began the quest for
                  | the Orb.
     0 | D:1      | Reached XP level 1. HP: 16/16 MP: 3/3
   113 | D:1      | Reached XP level 2. HP: 22/23 MP: 3/5
   254 | D:1      | Reached skill level 3 in Transmutations
   503 | D:1      | Reached XP level 3. HP: 28/28 MP: 4/6
   877 | D:1      | Learned a level 3 spell: Spider Form
   973 | D:2      | Found a snail-covered altar of Cheibriados.
  1022 | D:2      | Reached skill level 4 in Transmutations
  1043 | D:2      | Became a worshipper of Cheibriados the Contemplative
  1369 | D:2      | Reached XP level 4. HP: 30/35 MP: 7/7
  1576 | D:2      | Identified a scroll of acquirement
  1576 | D:2      | Acquired the amulet "Vawocvoc" {Spirit rCorr Slay+6}
  1634 | D:3      | Noticed Natasha
  1640 | D:3      | Killed Natasha
  1680 | D:3      | Noticed Natasha
  1686 | D:3      | Killed Natasha
  1687 | D:3      | Reached skill level 5 in Transmutations
  1779 | D:3      | Reached XP level 5. HP: 41/41 MP: 1/8
  1938 | D:3      | Noticed Natasha
  1945 | D:3      | Killed Natasha
  1951 | D:3      | Identified the +0 cloak of Privacy {rN+ Regen+}
  2038 | D:3      | Noticed Robin
  2054 | D:3      | Killed Robin
  2054 | D:3      | Reached * piety under Cheibriados
  2098 | D:3      | Found a radiant altar of Vehumet.
  2098 | D:3      | Found a white marble altar of Elyvilon.
  2172 | D:3      | Noticed Ijyb
  2178 | D:3      | Killed Ijyb
  2179 | D:3      | Reached XP level 6. HP: 37/51 MP: 3/9
  2978 | D:4      | Slain by a gnoll sergeant

Illustrated notes

Levels and vault maps discovered:
D:1:      spicycebolla_arrival_xxxplode, layout_basic, corexii_corridor_pit
D:2:      layout_loops_ring, basic_altar
D:3:      layout_basic, jmf_multi_god_temple, uniq_robin, uniq_natasha,
          uniq_ijyb
D:4:      layout_loops_ring, st_stairs_13, serial_bayou_pond_a,
          chequers_serial_rivers_micro_a, minmay_goblin_outpost,
          uniq_crazy_yiuf_cottage

Skill      XL: |  1  2  3  4  5 |
---------------+----------------+-----
Transmutations | 3 4 5 |  5.0
Fighting       | 3 |  3.8
Unarmed Combat | 4 |  4.5
Dodging        | |  1.7
Spellcasting   | |  2.0

Action                     |  1- 3 |  4- 6 || total
---------------------------+-------+-------++-------
  Melee: Unarmed           |   140 |    84 ||   224
         Kick              |     9 |       ||     9
         Headbutt          |     3 |       ||     3
         Tailslap          |    16 |     4 ||    20
         Punch             |     1 |     3 ||     4
   Cast: Beastly Appendage |    11 |       ||    11
         Spider Form       |     1 |    10 ||    11
    Use: Scroll            |     3 |     5 ||     8
 Armour: Skin              |    37 |    13 ||    50
  Dodge: Dodged            |    97 |    52 ||   149
  Block: Other             |     9 |     1 ||    10
